 Dungeon Crawl Stone Soup version 0.29-a0-352-g0917bc69df (webtiles) character file.

Game seed: 16677404175524945387

1600 spaghetti the Ogre Mage (level 8, 0/67 HPs)
             Began as an Ogre Conjurer on Apr 23, 2022.
             Was a High Priest of Jiyva.
             Succumbed to a water moccasin's poison
             ... on level 6 of the Dungeon.
             The game lasted 00:11:21 (4676 turns).

spaghetti the Ogre Mage (Ogre Conjurer)             Turns: 4676, Time: 00:11:21

Health: 0/67       AC:  7    Str: 12    XL:     8   Next: 94%
Magic:  15/20      EV:  9    Int: 21    God:    Jiyva [*****.]
Gold:   213        SH:  0    Dex:  9    Spells: 3/23 levels left

rFire   + . .      SeeInvis .   d - +0 trident {polearm}
rCold   + . .      Faith    .   (no shield)
rNeg    . . .      Spirit   .   a - +0 robe
rPois   +          Reflect  .   (helmet restricted)
rElec   +          Harm     .   (no cloak)
rCorr   +          Rampage  .   (gloves unavailable)
Will    .....                   (boots unavailable)
Stlth   ++........              (no amulet)
HPRegen 1.65/turn               (no ring)
MPRegen 0.62/turn               (no ring)

@: lethally poisoned (0 -> -4), resistant, studying Crossbows
A: large, unfitting armour, tough skin 1, antennae 1, hooves 3, iridescent
scales 2, thin skeletal structure 1
a: Renounce Religion, Oozemancy, Slimify


You were on level 6 of the Dungeon.
You worshipped Jiyva.
Jiyva was extremely pleased with you.
You visited 1 branch of the dungeon, and saw 7 of its levels.

You collected 213 gold pieces.


Innate Abilities, Weirdness & Mutations

You are too large for most types of armour.
You have tough skin. (AC +1)
You have a pair of small antennae on your head.
You have hooves in place of feet.
You are mostly covered in iridescent scales. (AC +4)
You have a somewhat thin skeletal structure. (Dex +2, Stealth+)


   Skills:
 * Level 7.9 Throwing
 - Level 1.7 Dodging
 - Level 1.4 Stealth
 + Level 8.4 Spellcasting
 - Level 3.7 Conjurations


You had 3 spell levels left.
You knew the following spells:

 Your Spells              Type           Power      Damage    Failure   Level
a - Magic Dart            Conj           96%        1d7       1%          1
b - Searing Ray           Conj           48%        2d6       2%          2
c - Fulminant Prism       Conj/Hex       8%         3d7       34%         4
d - Iskenderun's Mystic   Conj/Tloc      16%        2d5       34%         4
e - Poisonous Vapours     Pois/Air       16%        N/A       12%         2
f - Ignite Poison         Fire/Tmut/Pois 8%         N/A       22%         3
g - Sticky Flame          Conj/Fire      16%        2d4       34%         4

Your spell library contained the following spells:

 Spells                   Type           Power      Damage    Failure   Level
 Conjure Flame            Conj/Fire      16%        6-21      11%         3
 Dazzling Flash           Conj/Hex       32%        N/A       11%         3
 Corpse Rot               Necr/Air       16%        N/A       12%         2

Inventory:

Hand Weapons
 d - a +0 trident (weapon) {polearm}
   (You found it on level 1 of the Dungeon)
 e - a +0 dagger {short}
   (You took it off a kobold on level 1 of the Dungeon)
 f - a +0 short sword {short}
   (You took it off a kobold on level 1 of the Dungeon)
 h - a +0 club {mace}
   (You took it off a goblin on level 1 of the Dungeon)
 i - a +0 whip {mace}
   (You took it off a kobold on level 1 of the Dungeon)
 k - a +0 dagger {short}
   (You took it off a goblin on level 1 of the Dungeon)
 l - a +0 dagger {short}
   (You found it on level 1 of the Dungeon)
 m - a +0 dagger {short}
   (You took it off a goblin on level 1 of the Dungeon)
 n - a +0 club {mace}
   (You took it off a goblin on level 1 of the Dungeon)
 p - a +0 dagger {short}
   (You took it off a goblin on level 1 of the Dungeon)
 r - a +0 dagger {short}
   (You took it off a kobold on level 1 of the Dungeon)
 u - a +0 short sword {short}
   (You took it off a kobold on level 2 of the Dungeon)
 v - a +0 club {mace}
   (You took it off a kobold on level 2 of the Dungeon)
 y - a +0 dagger {short}
   (You took it off a goblin on level 2 of the Dungeon)
 I - a +2 whip of draining {mace}
   (You took it off a gnoll on level 6 of the Dungeon)
Missiles
 g - 145 stones {throwing}
 z - 9 large rocks {=fthrowing}
 G - 3 poisoned darts {throwing}
 H - 3 boomerangs {throwing}
Armour
 a - a +0 robe (worn)
Scrolls
 j - a scroll of noise {!r}
 o - 2 scrolls of brand weapon
 s - a scroll of identify {@r1}
 t - 3 scrolls of enchant weapon
 w - a scroll of silence {!r}
 B - a scroll of teleportation {unknown}
 C - a scroll of acquirement {unknown}
 D - a scroll of holy word {unknown}
 E - a scroll of fear {unknown}
 F - a scroll of amnesia {unknown}
Potions
 b - a potion of magic
 q - 2 potions of resistance
 x - a potion of flight {unknown}
 A - a potion of attraction {unknown}

Dungeon Overview and Level Annotations

Branches:
Dungeon (7/15)             Temple (0/1) D:5

Altars:
Cheibriados
Dithmenos
Gozag
Vehumet
The Shining One
Jiyva

Annotations:
D:6 1 runed translucent door, BeAPotato's ghost, novice OgTm

.######.######...#.#..####...#.##
.#### #.# #...#.#..# #.......
....# #.# #...#.#..####...#.##
.#### #.# #..........J......##
.######.######...#.#..####.....##
.................#.#..####.....##
.................#.#..#..........
.................#.#..####.......
............J...@................
...#.#.........o.h...............
..J..##..........#.#..##.........
JJJ..#########...#.#..##......###
##+##................†...........
#W).#....#####...................
# ####.#####...#.#..##.#..#.###
#####............................
.................................


You could see a black bear, an orc and a neutral jelly (wandering) (fellow
slime).


Message History

Aiming: Searing Ray (safe; 2% risk of failure)
Press: ? - help, Shift-Dir - straight line, f/p - water moccasin
Aim: a water moccasin (severely wounded, 66% to hit)
The searing ray hits the water moccasin! (Press . to maintain the ray.)
You feel very sick. The water moccasin bites you.
* * * LOW HITPOINT WARNING * * *
You are more poisoned.
The water moccasin poisons you! The orc hits you with a +0 short sword.
* * * LOW HITPOINT WARNING * * *
The water moccasin bites you but does no damage.
The black bear closely misses you. The black bear claws you.
* * * LOW HITPOINT WARNING * * *
The black bear claws you.
* * * LOW HITPOINT WARNING * * *
😱 HP[-10] MP[-1]
You take 10 damage, and now have 14/67 hp.
You lost 1 mp, and now have 17/20 mp.
You feel much better.
You feel extremely sick. The water moccasin bites you.
* * * LOW HITPOINT WARNING * * *
The orc barely misses you.
The black bear bites you but does no damage.
The black bear claws you.
* * * LOW HITPOINT WARNING * * *
The black bear claws you but does no damage. 😨 HP[+8] MP[+1]
You regained 8 hp, and now have 22/67 hp.
It was a potion of resistance.
You feel protected.
You feel very sick.
The water moccasin bites you but does no damage.
The orc hits you with a +0 short sword.
* * * LOW HITPOINT WARNING * * *
The black bear bites you.
* * * LOW HITPOINT WARNING * * *
The black bear claws you but does no damage.
The black bear barely misses you. 😱 HP[-10]
You take 10 damage, and now have 12/67 hp.
You feel much better.
You feel very sick.
The water moccasin bites you but does no damage.
The water moccasin bites you.
* * * LOW HITPOINT WARNING * * *
The orc closely misses you. The black bear bites you.
* * * LOW HITPOINT WARNING * * *
The black bear misses you.
The black bear claws you but does no damage. 😨 HP[+11] MP[+1]
You regained 11 hp, and now have 23/67 hp.
Casting: Searing Ray (safe; 2% risk of failure)
Confirm with . or Enter, or press ? or * to list all spells.
Aiming: Magic Dart (safe; 1% risk of failure)
Press: ? - help, Shift-Dir - straight line, f/p - water moccasin
Aim: a water moccasin (almost dead, 100% to hit)
The magic dart hits the water moccasin.
You feel very sick. The water moccasin bites you.
* * * LOW HITPOINT WARNING * * *
You are more poisoned.
The water moccasin poisons you! The orc completely misses you.
The black bear misses you.
The black bear claws you but does no damage. x2 😨 HP[-5]
You take 5 damage, and now have 18/67 hp.
Casting: Magic Dart (safe; 1% risk of failure)
Confirm with . or Enter, or press ? or * to list all spells.
Aiming: Searing Ray (safe; 2% risk of failure)
Press: ? - help, Shift-Dir - straight line, f/p - water moccasin
Aim: a water moccasin (almost dead, 66% to hit)
The searing ray hits the water moccasin!
You kill the water moccasin! (Press . to maintain the ray.)
You feel very sick. The orc hits you but does no damage.
The black bear barely misses you.
The black bear claws you but does no damage. x2 😱 HP[-5] MP[-2]
You take 5 damage, and now have 13/67 hp.
You lost 2 mp, and now have 17/20 mp.
You feel very sick. The orc hits you with a +0 short sword.
* * * LOW HITPOINT WARNING * * *
The black bear bites you.
* * * LOW HITPOINT WARNING * * *
The black bear claws you.
* * * LOW HITPOINT WARNING * * *
The black bear misses you. 😱 HP[-10]
You take 10 damage, and now have 3/67 hp.
Casting: Searing Ray (safe; 2% risk of failure)
Confirm with . or Enter, or press ? or * to list all spells.
Restarting spell: Searing Ray (safe; 2% risk of failure)
Press: ? - help, Shift-Dir - straight line, f - black bear
Aim: a black bear (85% to hit)
The searing ray hits the black bear. (Press . to maintain the ray.)
You die...

Skill      XL: |  1  2  3  4  5  6  7  8 |
---------------+-------------------------+-----
Spellcasting   | 3 4 5 6 7 8 |  8.4
Throwing       | 2 4 5 7 |  7.9
Dodging        | |  1.7
Stealth        | |  1.4
Conjurations   | |  3.7

Action                   |  1- 3 |  4- 6 |  7- 9 || total
-------------------------+-------+-------+-------++-------
Melee: Trident           |     1 |    46 |    42 ||    89
       Punch             |       |     2 |       ||     2
 Cast: Magic Dart        |    57 |    31 |    26 ||   114
       Searing Ray       |       |    26 |    39 ||    65
  Use: Scroll            |       |       |     4 ||     4
       Potion            |       |       |     4 ||     4
Armor: Robe              |     1 |    47 |    97 ||   145
Dodge: Dodged            |     3 |    60 |    75 ||   138

Levels and vault maps discovered:
D:1:      wander_arrival_abandoned_jail, layout_basic,
          hellmonk_ecumenical_altar_pennies_from_heaven,
          nicolae_concentric_dashed_squares_wild
D:2:      layout_basic, minmay_stone_trees_small, st_stairs_4
D:3:      layout_basic, lemuel_tele_altar, mainiacjoe_overflow_alcove_4,
          chequers_serial_rivers_micro_c, lemuel_another_geyser, uniq_robin
D:4:      layout_loops_ring, minmay_manual_maat
D:5:      layout_loops_cross, kennysheep_slug_shrine,
          minmay_temple_entry_large_hall
D:6:      layout_basic, jmf_multi_god_temple, gammafunk_ghost_grave,
          minmay_quadrilaterals
D:7:      layout_loops_ring, serial_shops, shop, grunt_decor_resistance,
          minmay_shop_damaged, minmay_shop_mass, uniq_duvessa,
          uniq_prince_ribbit1

Notes
Turn   | Place    | Note
-------+----------+-------------------------------------------
     0 | D:1      | spaghetti the Ogre Conjurer began the quest for the Orb.
     0 | D:1      | Reached XP level 1. HP: 16/16 MP: 3/3
     0 | D:1      | magus.rc [v1.9.6]
   209 | D:1      | Reached skill level 3 in Spellcasting
   209 | D:1      | Reached XP level 2. HP: 24/24 MP: 1/6
   359 | D:1      | You pick up a book of Vapours and begin reading...
   359 | D:1      | You add the spells Poisonous Vapours and Corpse Rot to your
                  | library.
   417 | D:1      | Found a faded altar of an unknown god.
   431 | D:1      | Prayed at the altar of an unknown god.
   431 | D:1      | Became a worshipper of Jiyva Jeatun the Shapeless
   431 | D:1      | Reached * piety under Jiyva
   837 | D:2      | Reached XP level 3. HP: 18/31 MP: 2/8
   844 | D:2      | Reached skill level 4 in Spellcasting
   862 | D:2      | Learned a level 2 spell: Searing Ray
   864 | D:2      | Reached ** piety under Jiyva
  1007 | D:2      | magus.rc [v1.9.6]
  1033 | D:2      | Reached XP level 4. HP: 39/39 MP: 7/10
  1352 | D:2      | Reached *** piety under Jiyva
  1528 | D:3      | Noticed a scorpion
  1536 | D:3      | Killed a scorpion
  1537 | D:3      | Reached skill level 5 in Spellcasting
  1537 | D:3      | Reached XP level 5. HP: 22/45 MP: 5/13
  1634 | D:3      | Noticed Robin
  1648 | D:3      | Killed Robin
  1683 | D:3      | Reached skill level 1 in Throwing
  1904 | D:3      | Found an opulent altar of Gozag.
  1920 | D:3      | Gained mutation: You are partially covered in iridescent
                  | scales. (AC +2) [Jiyva's grace]
  1920 | D:3      | Gained mutation: You are mostly covered in iridescent
                  | scales. (AC +4) [Jiyva's grace]
  1920 | D:3      | Gained mutation: You are completely covered in iridescent
                  | scales. (AC +6) [Jiyva's grace]
  1920 | D:3      | Gained mutation: You have a pair of small antennae on your
                  | head. [Jiyva's grace]
  1965 | D:3      | Found a radiant altar of Vehumet.
  1994 | D:3      | Reached **** piety under Jiyva
  2251 | D:4      | Reached skill level 2 in Throwing
  2251 | D:4      | Reached skill level 6 in Spellcasting
  2251 | D:4      | Reached XP level 6. HP: 53/53 MP: 10/15
  2576 | D:4      | Reached skill level 3 in Throwing
  2940 | D:5      | Entered Level 5 of the Dungeon
  2940 | D:5      | Reached ***** piety under Jiyva
  3261 | D:5      | Noticed an ice beast
  3271 | D:5      | Killed an ice beast
  3272 | D:5      | Reached skill level 4 in Throwing
  3272 | D:5      | Reached XP level 7. HP: 59/59 MP: 8/16
  3315 | D:5      | Found a snail-covered altar of Cheibriados.
  3326 | D:5      | Learned a level 4 spell: Fulminant Prism
  3331 | D:5      | Learned a level 4 spell: Iskenderun's Mystic Blast
  3466 | D:5      | Reached skill level 5 in Throwing
  3476 | D:5      | Reached skill level 7 in Spellcasting
  3537 | D:5      | Found a staircase to the Ecumenical Temple.
  3777 | D:6      | Reached XP level 8. HP: 65/67 MP: 14/18
  3787 | D:6      | Reached skill level 6 in Throwing
  3830 | D:6      | You add the spells Conjure Flame, Ignite Poison and Sticky
                  | Flame to your library.
  3843 | D:6      | Learned a level 2 spell: Poisonous Vapours
  3847 | D:6      | Learned a level 3 spell: Ignite Poison
  3852 | D:6      | Learned a level 4 spell: Sticky Flame
  4080 | D:6      | Found a glowing golden altar of the Shining One.
  4082 | D:6      | Found a shadowy altar of Dithmenos.
  4130 | D:6      | Lost mutation: You are completely covered in iridescent
                  | scales. (AC +6) [Jiyva's grace]
  4130 | D:6      | Gained mutation: You have large cloven feet. [Jiyva's
                  | grace]
  4130 | D:6      | Gained mutation: You have hoof-like feet. [Jiyva's grace]
  4130 | D:6      | Gained mutation: You have hooves in place of feet. [Jiyva's
                  | grace]
  4130 | D:6      | Gained mutation: You have a somewhat thin skeletal
                  | structure. (Dex +2, Stealth+) [Jiyva's grace]
  4273 | D:6      | Reached skill level 7 in Throwing
  4284 | D:6      | Found a runed translucent door.
  4287 | D:6      | Noticed BeAPotato's ghost (novice OgTm)
  4572 | D:6      | Noticed a yak
  4583 | D:6      | Killed a yak
  4584 | D:6      | Reached skill level 8 in Spellcasting
  4667 | D:6      | HP: 16/67 [water moccasin (3)]
  4667 | D:6      | HP: 6/67 [black bear (2)]
  4674 | D:6      | HP: 13/67 [poisoned by a water moccasin]
  4675 | D:6      | HP: 5/67 [black bear (3)]
  4676 | D:6      | Succumbed to a water moccasin's poison

Vanquished Creatures
  A yak (D:6)
  2 water moccasins
  An ice beast (D:5)
  A sky beast (D:6)
  A centaur (D:6)
  3 necrophages (D:6)
  A kobold brigand (D:6)
  4 scorpions
  A killer bee (D:4)
  5 hounds
  2 orc priests
  3 iguanas
  3 orc wizards
  Robin (D:3)
  A gnoll (D:6)
  8 adders
  2 white imps (D:6)
  A worm (D:5)
  2 dart slugs
  11 orcs
  An endoplasm (D:1)
  3 giant cockroaches
  6 hobgoblins
  2 jackals (D:2)
  14 kobolds
  4 quokkas
  5 ball pythons
  4 bats
  3 frilled lizards
  15 goblins
  6 rats
117 creatures vanquished.

Vanquished Creatures (others)
  A water moccasin (D:6)
  A necrophage (D:5)
  A scorpion (D:6)
  9 jellies
  A howler monkey (D:6)
  A hound (D:4)
  2 adders
  A white imp (D:6)
  3 worms
  2 orcs
  An endoplasm (D:2)
  2 goblins (D:2)
  3 hobgoblins
  A jackal (D:2)
  A ball python (D:2)
  8 fungi (D:3)
  2 withered plants (D:6)
40 creatures vanquished.

Grand Total: 157 creatures vanquished

Table legend:
 A = Non-vault XP
 B = Vault XP
 C = Vault XP percentage of total XP
 D = Non-vault monster count
 E = Vault monster count
 F = Vault count percentage of total count
                 A         B        C        D         E       F
            +---------+---------+-------+---------+---------+-------
      Total |    1947 |     340 |  14.9 |      98 |      19 |  16.2
            +---------+---------+-------+---------+---------+-------
        D:1 |      32 |       0 |   0.0 |      20 |       0 |   0.0
        D:2 |      68 |       0 |   0.0 |      21 |       0 |   0.0
        D:3 |     143 |      36 |  20.1 |      12 |      12 |  50.0
        D:4 |     150 |      76 |  33.6 |       7 |       2 |  22.2
        D:5 |     504 |       4 |   0.8 |      14 |       1 |   6.7
        D:6 |    1050 |     224 |  17.6 |      24 |       4 |  14.3
            +---------+---------+-------+---------+---------+-------

Illustrated notes

Table legend:
 A = Kills in this place as a percentage of kills in entire the game.
 B = Kills by you in this place as a percentage of kills by you in the entire game.
 C = Kills by friends in this place as a percentage of kills by friends in the entire game.
 D = Other kills in this place as a percentage of other kills in the entire game.
 E = Experience gained in this place as a percentage of experience gained in the entire game.
 F = Experience gained in this place divided by the number of levels of this place that you have seen.
                   A       B       C       D       E      F
               +-------+-------+-------+-------+-------+----------------------
         Total | 100.0 | 100.0 |   N/A |   N/A | 100.0 | 326.7
       Dungeon | 100.0 | 100.0 |   N/A |   N/A | 100.0 | 326.7
               +-------+-------+-------+-------+-------+----------------------

Table legend: (Time is in decaauts)
 A = Elapsed time spent in this place.
 B = Non-inter-level travel time spent in this place.
 C = Inter-level travel time spent in this place.
 D = Time resting spent in this place.
 E = Time spent auto-exploring this place.
 F = Levels seen in this place.
 G = Mean time per level.
                   A        B        C        D        E       F      G
               +--------+--------+--------+--------+--------+-----+--------+
         Total |   4713 |   4557 |    156 |     85 |   3703 |   7 |  673.3 |
       Dungeon |   4713 |   4557 |    156 |     85 |   3703 |   7 |  673.3 |
               +--------+--------+--------+--------+--------+-----+--------+

Top non-repeatable levels by time:
     D:6: 1015 daAuts
     D:3: 838 daAuts
     D:1: 819 daAuts
     D:4: 711 daAuts
     D:5: 705 daAuts
     D:2: 615 daAuts
     D:7: 6 daAuts
